 Dungeon Crawl Stone Soup version 0.23.2-40-g277498a001 (webtiles) character file.

Game seed: 8155326238284027986

165 EWolf27 the Cutter (level 5, -5/34 HPs)
             Began as a Halfling Warper on Sept 21, 2019.
             Was an Initiate of Okawaru.
             Killed by nerve-wracking pain
             ... invoked by an orc priest
              (8 damage)
             ... on level 3 of the Dungeon.
             The game lasted 00:24:47 (2901 turns).

EWolf27 the Cutter (Halfling Warper)                Turns: 2901, Time: 00:24:48

Health: -5/34      AC:  3    Str: 12    XL:     5   Next: 75%
Magic:  1/7        EV: 15    Int: 11    God:    Okawaru [......]
Gold:   99         SH:  0    Dex: 15    Spells: 3/7 levels left

rFire    . . .     SeeInvis .   a - +2 short sword (drain)
rCold    . . .     Gourm    .   (shield restricted)
rNeg     . . .     Faith    .   k - +0 leather armour
rPois    .         Spirit   .   (no helmet)
rElec    .         Reflect  .   (no cloak)
rCorr    .         Harm     .   (no gloves)
MR       .....                  (no boots)
Stlth    +.........             (no amulet)
HPRegen  0.11/turn              (no ring)
MPRegen  0.10/turn              (no ring)

@: shrouded
A: small, mutation resistance 1
a: Renounce Religion


You were on level 3 of the Dungeon.
You worshipped Okawaru.
Okawaru was noncommittal.
You were not hungry.

You visited 1 branch of the dungeon, and saw 3 of its levels.

You collected 99 gold pieces.

Inventory:

Hand Weapons
 a - a +2 short sword of draining (weapon)
 b - a +0 hunting sling
Missiles
 c - 98 stones
 e - 5 tomahawks of dispersal (quivered)
 o - 3 needles of sleeping
Armour
 k - a +0 leather armour (worn)
Jewellery
 i - an uncursed ring of positive energy {unknown}
Scrolls
 d - a scroll of blinking
 g - a scroll of remove curse {unknown}
 h - 2 scrolls of magic mapping {unknown}
 j - a scroll of identify {unknown}
 m - 2 scrolls of teleportation {unknown}
Potions
 l - a potion of heal wounds {unknown}
 p - 3 potions of mutation {unknown}
 q - a potion of brilliance {unknown}
Comestibles
 f - 5 rations


   Skills:
 - Level 1.7 Fighting
 * Level 5.1 Short Blades
 + Level 2.2(2.5) Slings
 - Level 1.0(1.3) Throwing
 - Level 1.1 Armour
 - Level 3.0 Dodging
 - Level 1.5 Spellcasting
 + Level 4.1 Translocations


You had 3 spell levels left.
You knew the following spells:

 Your Spells              Type           Power        Failure   Level  Hunger
a - Blink                 Tloc           N/A          11%         2    ###....
b - Shroud of Golubria    Chrm/Tloc      #.........   26%         2    ###....

Your spell library contained the following spells:

 Spells                   Type           Power        Failure   Level  Hunger
 Gell's Gravitas          Tloc           #.........   22%         3    ####...
 Lesser Beckoning         Tloc           #.........   22%         3    ####...
 Teleport Other           Tloc           #.......     22%         3    ####...
 Passage of Golubria      Tloc           N/A          56%         4    #####..


Dungeon Overview and Level Annotations

Branches:
Dungeon (3/15)

Altars:
Okawaru
The Shining One


Innate Abilities, Weirdness & Mutations

You are small and have problems with some larger weapons.
You are somewhat resistant to further mutation.


Message History

Beogh smites you!
Casting: Blink (safe; 11% risk of failure)
Confirm with . or Enter, or press ? or * to list all spells.
Space distorts slightly along a thin shroud covering your body.
The orc closely misses you. The orc completely misses you.
The orc priest invokes the aid of Beogh against you.
Beogh smites you!
* * * LOW HITPOINT WARNING * * *
The orc priest casts a cantrip, but nothing happens.
Casting: Shroud of Golubria (safe; 26% risk of failure)
Confirm with . or Enter, or press ? or * to list all spells.
You renew your shroud.
The orc barely misses you.
Your shroud bends the orc's attack away.
Casting: Shroud of Golubria (safe; 26% risk of failure)
Confirm with . or Enter, or press ? or * to list all spells.
You blink.
The orc priest invokes the aid of Beogh against you.
Pain shoots through your body!
You die...

#.# #.# #...# #.# #.# #####
#.####.#########################
#...............................
#.####.#########################
#.####.######......#############
#>..........+.....(oo§[.........
######.######....o.#############
#.# #..@...# #.# #(...(.# #.#
#....(.# #.# #......# #.#
#(..(..# #.# #..(...# ####.#
#......# ####....# #......#
........#


You could see an orc priest and 2 orcs.

Vanquished Creatures
  Natasha (D:3)
  5 adders
  2 oozes
  3 worms
  4 dart slugs
  4 orcs (D:3)
  7 bats
  3 giant cockroaches
  6 hobgoblins
  5 jackals (D:2)
  7 kobolds
  A quokka (D:2)
  5 frilled lizards
  9 goblins
  8 rats
70 creatures vanquished.

Notes
Turn   | Place    | Note
-------+----------+-------------------------------------------
     0 | D:1      | EWolf27 the Halfling Warper began the quest for the Orb.
     0 | D:1      | Reached XP level 1. HP: 14/14 MP: 3/3
   249 | D:1      | Reached skill level 3 in Short Blades
   249 | D:1      | Reached XP level 2. HP: 13/19 MP: 4/4
   256 | D:1      | Learned a level 2 spell: Blink
   259 | D:1      | Learned a level 2 spell: Shroud of Golubria
   892 | D:1      | Reached XP level 3. HP: 23/24 MP: 5/5
  1134 | D:1      | Found a glowing golden altar of the Shining One.
  1691 | D:2      | Reached skill level 4 in Short Blades
  1691 | D:2      | Reached XP level 4. HP: 29/29 MP: 6/6
  1977 | D:3      | Reached skill level 1 in Slings
  1989 | D:3      | Found an iron altar of Okawaru.
  2014 | D:3      | Became a worshipper of Warmaster Okawaru
  2161 | D:2      | Reached XP level 5. HP: 34/34 MP: 7/7
  2874 | D:3      | Noticed Natasha
  2889 | D:3      | Killed Natasha
  2889 | D:3      | Reached skill level 5 in Short Blades
  2901 | D:3      | Killed from afar by an orc priest

Skill      XL: |  1  2  3  4  5 |
---------------+----------------+-----
Short Blades   | 3 4 5 |  5.1
Dodging        | 3 |  3.0
Slings         | 1 2 |  2.2
Translocations | 4 |  4.1
Fighting       | |  1.7
Throwing       | |  1.0
Armour         | |  1.1
Spellcasting   | |  1.5

Action                   |  1- 3 |  4- 6 || total
-------------------------+-------+-------++-------
Melee: Short sword       |   164 |    93 ||   257
 Fire: Hunting sling     |       |    20 ||    20
 Cast: Shroud of Golubri |     2 |     4 ||     6
       Blink             |     1 |     4 ||     5
 Stab: Sleeping          |       |     1 ||     1
  Eat: Chunk             |     3 |     3 ||     6
       Ration            |       |     1 ||     1
Armor: Leather armour    |    25 |    14 ||    39
Dodge: Dodged            |   119 |    69 ||   188
